 Dungeon Crawl Stone Soup version 0.31.0-32-g396128a36d (webtiles) character file.

Game seed: 1948419868957493179

14 H0rd4k the Charlatan (level 2, -1/18 HPs)
             Began as an Octopode Artificer on Apr 23, 2024.
             Slain by an endoplasm (3 damage)
             ... on level 1 of the Dungeon.
             The game lasted 00:00:25 (187 turns).

H0rd4k the Charlatan (Octopode Artificer)            Turns: 187, Time: 00:00:25

Health: -1/18      AC:  1    Str: 11    XL:     2   Next: 45%
Magic:  2/2        EV: 13    Int: 13    God:
Gold:   0          SH:  0    Dex: 12    Spells: 1/1 levels left

rFire   . .          .
                       - Unarmed
rCold   . . .        (no shield)
rNeg    . . .        (helmet restricted)
rPois   .            (no amulet)
rElec   .            (no ring)
rCorr   .            (no ring)
SInv    .            (no ring)
Will    .....        (no ring)
Stlth   +++          (no ring)
HPRegen 0.23/turn    (no ring)
MPRegen 0.08/turn    (no ring)
                     (no ring)

%: no passive effects
@: no status effects
A: almost no armour, amphibious, 8 rings, camouflage 1, gelatinous body 1,
(nimble swimmer 1), tentacles
a: no special abilities


You were on level 1 of the Dungeon.
You visited 1 branch of the dungeon, and saw 1 of its levels.

Inventory:

Wands
 b - a wand of flame (15) (quivered)
 c - a wand of charming (14)
 d - a wand of iceblast (5)
Scrolls
 a - a scroll of teleportation {unknown}
 e - a scroll of poison {unknown}
Potions
 f - a potion of might {unknown}


   Skills:
 + Level 1.4 Fighting
 - Level 2.3 Dodging
 - Level 1.3 Stealth
 + Level 1.7 Unarmed Combat
 - Level 3.2 Evocations


You had one spell level left.
You didn't know any spells.
Your spell library was empty.

Dungeon Overview and Level Annotations

Branches:
Dungeon (1/15)

Altars:


Innate Abilities, Weirdness & Mutations

You cannot wear most types of armour.
You are amphibious.
You can wear up to eight rings at the same time.
Your skin changes colour to match your surroundings (Stealth+).
Your rubbery body absorbs attacks. (AC +1, EV +1)
((You are camouflaged when in or above water. (Stealth+)))
You have tentacles for arms and can constrict up to eight enemies at once.


Message History

The goblin misses you. The goblin hits you with a +0 dagger.
The goblin attacks as it pursues you! The goblin barely misses you.
The goblin attacks as it pursues you! The goblin barely misses you.
The goblin attacks as it pursues you! The goblin misses you.
You barely miss the goblin. Your grab misses the goblin.
You tentacle-slap the goblin.
The goblin is heavily wounded.
The goblin hits you with a +0 club.
You tentacle-slap the goblin but do no damage.
Your grab misses the goblin.
The goblin is heavily wounded.
The goblin closely misses you.
You tentacle-slap the goblin but do no damage.
Your grab misses the goblin.
The goblin is heavily wounded.
The goblin hits you with a +0 club.
You tentacle-slap the goblin.
You kill the goblin!
You tentacle-slap the goblin. Your grab misses the goblin.
The goblin is severely wounded.
The endoplasm freezes you.
You are frozen.
The goblin hits you with a +0 dagger.
* * * LOW HITPOINT WARNING * * *
You tentacle-slap the goblin.
You kill the goblin!
The endoplasm hits you.
* * * LOW HITPOINT WARNING * * *
You tentacle-slap the endoplasm.
The endoplasm is lightly wounded.
The endoplasm freezes you.
You are frozen.
* * * LOW HITPOINT WARNING * * *
You tentacle-slap the endoplasm.
The endoplasm is moderately wounded.
The endoplasm completely misses you.
You tentacle-slap the endoplasm but do no damage.
The endoplasm is moderately wounded.
The endoplasm hits you.
You die...

.....#### #...............#
........####...............#
..........(...#.#..........#
........#... #...##########
.......)#$#####.###
#..........#
#.#..........###
#...††...##J...#
#........)@....#
.........#.##....#
..)...#..#########
......#..## ..?.....##
..##..# #.#


You could see an endoplasm.

Vanquished Creatures
  2 ball pythons (D:1)
  An endoplasm (D:1)
  A giant cockroach (D:1)
  3 goblins (D:1)
  A hobgoblin (D:1)
  A kobold (D:1)
  2 rats (D:1)
11 creatures vanquished.

Vanquished Creatures (collateral kills)
  A bat (D:1)
1 creature vanquished.

Grand Total: 12 creatures vanquished

Notes
Turn   | Place    | Note
-------+----------+-------------------------------------------
     0 | D:1      | H0rd4k the Octopode Artificer began the quest for the Orb.
     0 | D:1      | Reached XP level 1. HP: 13/13 MP: 1/1
    66 | D:1      | Reached skill level 1 in Unarmed Combat
   129 | D:1      | Reached XP level 2. HP: 18/18 MP: 2/2
   187 | D:1      | Slain by an endoplasm

Illustrated notes

Levels and vault maps discovered:
D:1:      kennysheep_arrival_seaside, layout_rooms, serial_shops, shop,
          shapermc_ecumenical_altar_petra, minmay_cupped

Skill      XL: |  1 |
---------------+----+-----
Unarmed Combat | 1 |  1.7
Fighting       | |  1.4
Dodging        | |  2.3
Stealth        | |  1.3
Evocations     | |  3.2

Action                     || total
---------------------------++-------
  Melee: Unarmed           ||    33
         Constrict         ||     7
         Tentacles         ||     6
         Punch             ||     2
  Evoke: Wand              ||     1
 Armour: Skin              ||    17
  Dodge: Dodged            ||    31
